 Dungeon Crawl Stone Soup version 0.26.1-11-gd32895ea62 (webtiles) character file.

Game seed: 3751555912845920806

3335 Descartes the Blocker (level 10, 0/47 HPs)
             Began as a Vine Stalker Fighter on July 25, 2021.
             Was an Initiate of Gozag.
             Slain by Grum
             ... wielding a -2 glaive
              (13 damage)
             ... on level 9 of the Dungeon.
             The game lasted 00:10:39 (7391 turns).

Descartes the Blocker (Vine Stalker Fighter)        Turns: 7391, Time: 00:10:40

Health: 0/47       AC: 11    Str: 32    XL:     10   Next: 2%
Magic:  0/11       EV:  8    Int: 11    God:    Gozag
Gold:   650        SH: 15    Dex: 20    Spells: 7/9 levels left

rFire    . . .     SeeInvis .   z - +3 scimitar
rCold    . . .     Faith    .   c - +0 kite shield
rNeg     . . .     Spirit   +   j - +0 chain mail
rPois    .         Reflect  .   (no helmet)
rElec    .         Harm     .   B - +0 cloak
rCorr    .         Rampage  .   (no gloves)
Will     +....                  k - +0 pair of boots
Stlth    ..........             (no amulet)
HPRegen  0.55/turn              s - +6 ring of strength
MPRegen  0.12/turn              y - ring "Rowiustre" {Str+6 Dex+7}

@: no status effects
A: fangs 3, regeneration 1, magic shield, antimagic bite, no potion heal 3
a: Renounce Religion, Potion Petition, Call Merchant, Bribe Branch


You were on level 9 of the Dungeon.
You worshipped Gozag.
Gozag was pleased with you.
You visited 2 branches of the dungeon, and saw 10 of its levels.

You collected 737 gold pieces.
You paid 87 gold pieces to Gozag.

Inventory:

Hand Weapons
 z - a +3 scimitar (weapon)
 A - a +3 quarterstaff of chaos
Missiles
 f - 275 stones (quivered)
 n - a throwing net
 x - 138 arrows
 D - 24 poisoned darts
 G - 58 sling bullets
 M - 8 javelins
Armour
 c - a +0 kite shield (worn)
 j - a +0 chain mail (worn)
 k - a +0 pair of boots (worn)
 B - a +0 cloak (worn)
Jewellery
 b - an uncursed ring of positive energy
 s - a +6 ring of strength (left hand)
 u - an uncursed ring of see invisible
 y - the ring "Rowiustre" (right hand) {Str+6 Dex+7}
   (You found it on level 4 of the Dungeon)

   [ring of strength]

   It affects your strength (+6).
   It affects your dexterity (+7).
 C - an uncursed ring of flight
Wands
 r - a wand of acid (7)
 w - a wand of paralysis (9)
 I - a wand of disintegration (12)
 J - a wand of polymorph (9)
 L - a wand of random effects (23)
 O - a wand of iceblast (13)
 P - a wand of flame (18)
Scrolls
 g - 15 scrolls of identify {unknown}
 h - 5 scrolls of teleportation {unknown}
 i - 2 scrolls of enchant armour {unknown}
 l - 3 scrolls of enchant weapon {unknown}
 m - 3 scrolls of remove curse {unknown}
 p - a scroll of fog {unknown}
 E - a scroll of noise {unknown}
 K - a scroll of fear {unknown}
 N - a scroll of torment {unknown}
Potions
 a - 3 potions of mutation {unknown}
 d - 3 potions of might
 e - 3 potions of flight {unknown}
 o - a potion of degeneration {unknown}
 q - 4 potions of brilliance {unknown}
 t - 4 potions of curing {unknown}
 v - a potion of resistance {unknown}
 F - a potion of ambrosia {unknown}
 H - 3 potions of attraction {unknown}


   Skills:
 - Level 2.6 Fighting
 - Level 1.7 Long Blades
 - Level 2.4 Armour
 + Level 12.6 Shields


You had 7 spell levels left.
You knew the following spells:

 Your Spells              Type           Power        Failure   Level
a - Wereblood             Tmut           0%           98%         2

Your spell library contained the following spells:

 Spells                   Type           Power        Failure   Level
 Beastly Appendage        Tmut           0%           93%         1
 Foxfire                  Conj/Fire      0%           93%         1
 Conjure Flame            Conj/Fire      0%           100%        3
 Inner Flame              Hex/Fire       0%           100%        3
 Spider Form              Tmut/Pois      0%           100%        3
 Ice Form                 Ice/Tmut       0%           100%        4
 Sticky Flame             Conj/Fire      0%           100%        4
 Blade Hands              Tmut           0%           100%        5
 Fireball                 Conj/Fire      0%           100%        5


Dungeon Overview and Level Annotations

Branches:
Dungeon (9/15)             Temple (1/1) D:6
   Lair: D:8-11         Orc: D:9-12

Altars:
Ashenzari
Cheibriados
Dithmenos
Elyvilon
Fedhas
Gozag
Hepliaklqana
Kikubaaqudgha
Nemelex Xobeh
Okawaru
Qazlal
Ru
Sif Muna
Trog
Uskayaw
Wu Jian
Xom
Yredelemnul
Zin
The Shining One
Lugonu

Shops:
D:5 *

Annotations:
D:9 1 runed translucent door, Gabide's ghost, novice HuMo; Grum


Innate Abilities, Weirdness & Mutations

You have razor-sharp teeth.
Your natural rate of healing is unusually fast.
When hurt, damage is shared between your health and your magic reserves.
Your bite disrupts and absorbs the magic of your enemies.
Potions cannot restore your health.


Message History

The wolf bites you but does no damage. You block the wolf's attack.
Grum barely misses you.
You barely miss the wolf. Your bite misses the wolf.
You block the wolf's attack. The wolf closely misses you.
You block the wolf's attack. The wolf barely misses you.
Grum barely misses you. The wolf barely misses you.
You slash the wolf! You bite the wolf!
You kill the wolf!
The wolf completely misses you. You block the wolf's attack.
You block Grum's attack. The wolf bites you but does no damage.
The wolf bites you!
* * * LOW HITPOINT WARNING * * *
You block the wolf's attack. The wolf bites you but does no damage.
There is a stone staircase leading up here.
The wolf bites you but does no damage. You block the wolf's attack.
Grum hits you from afar with a -2 glaive!
You die...
Your body crumbles into a pile of gold.

#.#?.$h# #..$#.##
##..#h.. #..#.....
#..#.#.....
######..#.#####. #
.>.....g#.# ####.##.##
.......h..####.........
#######@....))....##.##
#####.######.####
#.....# #.# #.###.# #.#
#.# ... ..# ..# #..#
#..# (+..# #..# #$#..#


You could see Grum and a wolf.

Vanquished Creatures
  Grinder (D:4)
  A wyvern (D:8)
  Eustachio (D:6)
  2 orc warriors
  3 phantoms
  3 ice beasts
  4 ogres
  2 centaurs
  2 wolves (D:9)
  A big kobold (D:7)
  2 bullfrogs
  9 wights
  2 jellies (D:6)
  3 hounds
  A centaur zombie (D:5)
  3 orc priests
  2 orc wizards (D:7)
  A centaur skeleton (D:4)
  An iguana (D:5)
  Crazy Yiuf (D:4)
  4 worker ants
  Natasha (thrice) (D:2)
  A hound skeleton (D:6)
  2 worker ant zombies (D:7)
  4 gnolls (D:3)
  8 adders
  2 howler monkey skeletons
  2 shadow imps
  2 white imps
  4 ufetubi
  An ooze (D:4)
  An adder skeleton (D:4)
  3 worms
  4 dart slugs
  4 leopard geckos
  12 orcs
  9 bats
  2 giant cockroaches
  6 hobgoblins
  7 jackals
  4 quokkas
  2 ball pythons
  4 frilled lizards
  7 goblins
  4 kobolds
  A leopard gecko skeleton (D:7)
  2 quokka zombies
  12 rats
  A bush (D:8)
163 creatures vanquished.

Vanquished Creatures (others)
  2 demonic plants (Temple)
  2 plants (D:4)
4 creatures vanquished.

Grand Total: 167 creatures vanquished

Notes
Turn   | Place    | Note
-------+----------+-------------------------------------------
     0 | D:1      | Descartes the Vine Stalker Fighter began the quest for the
                  | Orb.
     0 | D:1      | Reached XP level 1. HP: 11/11 MP: 2/2
    74 | D:1      | Reached skill level 3 in Shields
    85 | D:1      | Reached XP level 2. HP: 16/16 MP: 3/3
   355 | D:1      | Reached XP level 3. HP: 19/19 MP: 4/4
   789 | D:2      | Noticed Natasha
   805 | D:2      | Killed Natasha
   806 | D:2      | Reached skill level 4 in Shields
  1152 | D:2      | Gained mutation: Your natural rate of healing is unusually
                  | fast. [Vine Stalker growth]
  1152 | D:2      | Reached XP level 4. HP: 23/23 MP: 5/5
  1310 | D:2      | Found a faded altar of an unknown god.
  1444 | D:2      | Noticed Natasha
  1449 | D:2      | Killed Natasha
  1683 | D:2      | Noticed Natasha
  1688 | D:2      | Killed Natasha
  1689 | D:2      | Reached skill level 5 in Shields
  1689 | D:2      | Reached XP level 5. HP: 27/27 MP: 6/6
  1692 | D:2      | Found a stormy altar of Qazlal.
  1764 | D:3      | Found a snail-covered altar of Cheibriados.
  1764 | D:3      | Found a shimmering altar of Xom.
  2123 | D:3      | Found a sparkling altar of Nemelex Xobeh.
  2533 | D:4      | Found a white marble altar of Elyvilon.
  2683 | D:4      | Reached skill level 6 in Shields
  2683 | D:4      | Reached XP level 6. HP: 32/32 MP: 7/7
  2715 | D:4      | Noticed a phantom
  2750 | D:4      | Killed a phantom
  2850 | D:4      | Noticed Grinder
  2874 | D:4      | Killed Grinder
  2875 | D:4      | Reached skill level 7 in Shields
  2875 | D:4      | Reached XP level 7. HP: 6/35 MP: 8/8
  2955 | D:4      | Got a scorched bronze ring
  3008 | D:4      | Identified the ring "Rowiustre" {Str+6 Dex+7} (You found it
                  | on level 4 of the Dungeon)
  3064 | D:4      | Learned a level 2 spell: Wereblood
  3167 | D:4      | Reached skill level 8 in Shields
  3282 | D:4      | Found a runed translucent door.
  3283 | D:4      | Noticed Crazy Yiuf
  3561 | D:4      | Killed Crazy Yiuf
  3624 | D:5      | Entered Level 5 of the Dungeon
  3681 | D:5      | Gained mutation: You have razor-sharp teeth. [Vine Stalker
                  | growth]
  3681 | D:5      | Reached XP level 8. HP: 31/36 MP: 7/9
  3747 | D:5      | Reached skill level 9 in Shields
  3788 | D:5      | Found Zin's Purification Station.
  3799 | D:5      | Found a glowing silver altar of Zin.
  4389 | D:5      | Found a shimmering blue altar of Sif Muna.
  4752 | D:6      | Noticed Eustachio
  4763 | D:6      | Killed Eustachio
  4764 | D:6      | Reached skill level 10 in Shields
  4804 | D:6      | Found a broken altar of Ashenzari.
  4859 | D:6      | Reached XP level 9. HP: 42/43 MP: 10/10
  4966 | D:6      | Found a shadowy altar of Dithmenos.
  5158 | D:6      | Found a staircase to the Ecumenical Temple.
  5217 | Temple   | Entered the Ecumenical Temple
  5237 | Temple   | Became a worshipper of Gozag Ym Sagoz the Greedy
  5557 | D:6      | Found an iron altar of Okawaru.
  5862 | D:6      | Reached skill level 11 in Shields
  6484 | D:8      | Reached skill level 12 in Shields
  6531 | D:8      | Found an ornate altar of the Wu Jian Council.
  6683 | D:8      | Found a hide-covered altar of Uskayaw.
  6816 | D:8      | Found a basalt altar of Yredelemnul.
  6981 | D:8      | Found a blossoming altar of Fedhas.
  7358 | D:9      | Found a runed translucent door.
  7359 | D:9      | Found a shimmering altar of Xom.
  7359 | D:9      | Noticed Gabide's ghost (novice HuMo)
  7359 | D:9      | Noticed a +0 trident of chaos
  7371 | D:9      | Noticed Grum
  7379 | D:9      | Reached XP level 10. HP: 27/47 MP: 4/11
  7391 | D:9      | Slain by Grum

Illustrated notes

Levels and vault maps discovered:
D:1:      dpeg_arrival_rooms_b, layout_rooms
D:2:      layout_basic, lemuel_doored_altar, chequers_ecumenical_altar_simple,
          minmay_vboxes, uniq_natasha
D:3:      layout_basic, nemelex_altar_shiori, grunt_temple_overflow_open,
          kennysheep_boxes
D:4:      layout_loops_cross, nicolae_overflow_crystal_walls,
          serial_bayou_lagoon_b, uniq_grinder, uniq_crazy_yiuf_cottage
D:5:      layout_basic, lemuel_crystal_altar, zin_purify
D:6:      minmay_angry_zag, layout_basic, kennysheep_mini_moat,
          ashenzari_conservatory_becter, general_overflow_altar,
          minmay_temple_entry_antechambers, uniq_eustachio
D:7:      layout_cave_pools, minmay_checkerbox
D:8:      layout_gridville, fedhas_bush_and_centaur_altar,
          eat_drink_and_be_merry_uskayaw, lemuel_coloured_pillars_altar,
          basic_altar
D:9:      layout_loops_ring, grunt_temple_overflow_lords_of_destruction,
          minmay_orc_entry_temple_small, ebering_ghost_xom, serial_shops, shop,
          uniq_grum
Temple:   corrupted_temple

Skill      XL: |  1  2  3  4  5  6  7  8  9 |
---------------+----------------------------+-----
Shields        | 3 4 5 6 7 8 10 12 | 12.6
Fighting       | |  2.6
Long Blades    | |  1.7
Armour         | |  2.4

Action                   |  1- 3 |  4- 6 |  7- 9 | 10-12 || total
-------------------------+-------+-------+-------+-------++-------
Melee: Long sword        |    74 |   127 |    33 |       ||   234
       Bite              |    23 |    53 |   162 |     2 ||   240
       Scimitar          |       |       |   229 |     4 ||   233
  Use: Potion            |       |     1 |       |       ||     1
 Stab: Distracted        |       |       |     1 |       ||     1
Armor: Scale mail        |    45 |       |       |       ||    45
       Chain mail        |       |    54 |    87 |     5 ||   146
Dodge: Dodged            |    39 |    30 |    62 |     7 ||   138
Block: Kite shield       |    50 |    46 |   192 |     9 ||   297
       Rpst.: Long sword |    16 |    15 |     2 |       ||    33
       Scimitar          |       |       |    19 |       ||    19
